 Dungeon Crawl Stone Soup version 0.28.0-43-g3370ac3207 (webtiles) character file.

Game seed: 7404761631931210215

1477 terff the Covert (level 8, -5/54 HPs)
             Began as an Octopode Brigand on Mar 21, 2022.
             Was a Follower of Dithmenos.
             Slain by a steam dragon (8 damage)
             ... on level 6 of the Dungeon.
             The game lasted 00:13:40 (4859 turns).

terff the Covert (Octopode Brigand)                 Turns: 4859, Time: 00:13:40

Health: -5/54      AC:  1    Str: 10    XL:     8   Next: 79%
Magic:  8/8        EV: 14    Int: 13    God:    Dithmenos [*.....]
Gold:   1077       SH:  0    Dex: 16    Spells: 7/7 levels left

rFire   . . .      SeeInvis .   i - +3 rapier (speed)
rCold   + + .      Faith    .   (no shield)
rNeg    . . .      Spirit   .   (helmet restricted)
rPois   .          Reflect  .   e - amulet of magic regeneration
rElec   .          Harm     .   p - ring of protection from cold
rCorr   .          Rampage  .   v - ring of protection from cold
Will    .....                   (no ring)
Stlth   +++++++...              (no ring)
HPRegen 0.18/turn               (no ring)
MPRegen 0.51/turn               (no ring)
                                (no ring)
                                (no ring)

@: wreathed by umbra
A: almost no armour, amphibious, 8 rings, camouflage 1, gelatinous body 1,
(nimble swimmer 1), tentacles
a: Renounce Religion


You were on level 6 of the Dungeon.
You worshipped Dithmenos.
Dithmenos was aware of your devotion.
You visited 2 branches of the dungeon, and saw 7 of its levels.

You collected 1317 gold pieces.
You spent 240 gold pieces at shops.

Inventory:

Hand Weapons
 a - a +2 dagger
 i - a +3 rapier of speed (weapon)
Missiles
 b - 11 poisoned darts (quivered)
 m - 2 curare-tipped darts
Armour
 k - an orb of light
Jewellery
 e - an amulet of magic regeneration (around mantle)
 p - a ring of protection from cold (left tentacle)
 v - a ring of protection from cold (right tentacle)
Wands
 g - a wand of paralysis (1)
 j - a wand of iceblast (2)
Scrolls
 l - a scroll of identify
 q - 2 scrolls of magic mapping
 s - a scroll of enchant armour
 t - 2 scrolls of teleportation
Potions
 c - 3 potions of curing
 d - a potion of might
 f - a potion of brilliance
 h - 2 potions of haste
 n - a potion of magic
 o - a potion of berserk rage {unknown}
 u - a potion of cancellation {unknown}


   Skills:
 + Level 4.3 Fighting
 + Level 6.5 Short Blades
 - Level 2.2 Throwing
 + Level 3.5 Dodging
 + Level 10.7 Stealth


You had 7 spell levels left.
You didn't know any spells.
Your spell library contained the following spells:

 Spells                   Type           Power      Damage    Failure   Level
 Magic Dart               Conj           0%         1d3       30%         1
 Searing Ray              Conj           0%         2d4       43%         2
 Static Discharge         Conj/Air       0%         N/A       43%         2
 Dazzling Flash           Conj/Hex       0%         N/A       67%         3
 Dispel Undead            Necr           0%         3d6       97%         4
 Fulminant Prism          Conj/Hex       0%         3d6       97%         4
 Sticky Flame             Conj/Fire      0%         2d3       97%         4
 Agony                    Necr           0%         N/A       100%        5
 Silence                  Hex/Air        0%         N/A       100%        5


Dungeon Overview and Level Annotations

Branches:
Dungeon (6/15)             Temple (1/1) D:4

Altars:
Ashenzari
Cheibriados
Dithmenos
Elyvilon
Fedhas
Gozag
Hepliaklqana
Kikubaaqudgha
Makhleb
Nemelex Xobeh
Okawaru
Qazlal
Sif Muna
Trog
Uskayaw
Vehumet
Wu Jian
Xom
Yredelemnul
Zin
The Shining One

Shops:
D:2 (   D:3 [


Innate Abilities, Weirdness & Mutations

You cannot wear most types of armour.
You are amphibious.
You can wear up to eight rings at the same time.
Your skin changes colour to match your surroundings (Stealth+).
Your rubbery body absorbs attacks. (AC +1, EV +1)
((You are camouflaged when in or above water. (Stealth+)))
You have tentacles for arms and can constrict up to eight enemies at once.


Message History

You kill the hound!
Dithmenos accepts your kill.
The steam dragon hisses angrily.
Found 20 stones.
You see here 14 gold pieces.
The steam dragon closely misses you. The steam dragon completely misses you.
You puncture the steam dragon!
The steam dragon is moderately wounded.
The steam dragon bites you! The steam dragon misses you.
You completely miss the steam dragon.
The steam dragon is moderately wounded.
You hit the steam dragon. You squeeze the steam dragon.
The steam dragon is heavily wounded.
The steam dragon breathes steam at you. The ball of steam hits you!
You hit the steam dragon but do no damage.
The steam dragon is heavily wounded.
You closely miss the steam dragon.
The steam dragon is heavily wounded.
You are engulfed in a cloud of scalding steam.
The steam dragon bites you. The steam dragon misses you.
You hit the steam dragon but do no damage.
The steam dragon is heavily wounded.
You are engulfed in a cloud of scalding steam.
The steam dragon barely misses you. x2
You are engulfed in a cloud of scalding steam.
You see here 14 gold pieces.
You are engulfed in a cloud of scalding steam.
* * * LOW HITPOINT WARNING * * *
You feel much better.
You are engulfed in a cloud of scalding steam.
The steam dragon breathes steam at you. The ball of steam hits you!
* * * LOW HITPOINT WARNING * * *
You closely miss the steam dragon.
The steam dragon is heavily wounded.
You hit the steam dragon. You squeeze the steam dragon.
The steam dragon is severely wounded.
The steam dragon bites you!
You die...

#..≈≈≈≈≈≈≈≈≈.##
#..≈.......≈..#
#..≈.≈≈§§≈.≈..#
#..≈.≈§§.≈.≈..#
##..≈.§§_.≈.≈..##
#...≈§≈§..≈.≈...#
#...≈§≈≈≈≈..≈...#
#..§≈.§§.$..≈...#
#...≈§§§@D≈≈≈...#
#########....§§§........#
...).............^.....(..
###..######.....#.[...####
......#####....########
#...#.)........##...##
#.........#..........##
#.#####...............#
..## #..............#


You could see a steam dragon (catching breath).

Vanquished Creatures
  Grinder (D:3)
  Sigmund (D:6)
  A black bear (D:5)
  3 ogres
  A scorpion (D:5)
  A vampire bat (D:4)
  A crimson imp (D:4)
  2 hounds
  A bullfrog zombie (D:5)
  A centaur zombie (D:5)
  A bullfrog skeleton (D:5)
  A jelly (D:5)
  An orc priest (D:4)
  3 iguanas
  2 orc wizards (D:4)
  2 hound skeletons
  A howler monkey zombie (D:5)
  4 gnolls (D:5)
  7 adders
  An ufetubus (D:4)
  An adder skeleton (D:4)
  2 dart slugs
  3 fire bats (D:4)
  7 orcs
  2 spectral bats (D:4)
  3 bat skeletons (D:4)
  A bat zombie (D:4)
  11 endoplasms
  A giant cockroach (D:4)
  4 hobgoblins
  7 jackals
  3 quokkas
  2 ball pythons
  13 bats
  A bat simulacrum (D:4)
  A frilled lizard (D:3)
  A goblin zombie (D:4)
  3 hobgoblin zombies (D:4)
  A kobold (D:2)
  An orc skeleton (D:4)
  3 rats
107 creatures vanquished.

Notes
Turn   | Place    | Note
-------+----------+-------------------------------------------
     0 | D:1      | terff the Octopode Brigand began the quest for the Orb.
     0 | D:1      | Reached XP level 1. HP: 14/14 MP: 1/1
     2 | D:1      | Noticed an octopode
     4 | D:1      | Noticed a human
     4 | D:1      | Noticed a vampire
     6 | D:1      | Noticed a troll
     8 | D:1      | Noticed a spriggan
     8 | D:1      | Noticed a draconian
    10 | D:1      | Noticed a vine stalker
    12 | D:1      | Noticed an elf
    12 | D:1      | Noticed a demigod
    14 | D:1      | Noticed a dwarf
    14 | D:1      | Noticed a minotaur
    16 | D:1      | Noticed a formicid
    18 | D:1      | Noticed a naga
    18 | D:1      | Noticed a tengu
    20 | D:1      | Noticed a ghoul
    20 | D:1      | Noticed a demonspawn
    22 | D:1      | Noticed an ogre
    24 | D:1      | Noticed a merfolk
    24 | D:1      | Noticed a gargoyle
    26 | D:1      | Noticed a felid
    48 | D:1      | Reached XP level 2. HP: 19/19 MP: 2/2
   247 | D:1      | Reached skill level 6 in Stealth
   460 | D:2      | Found a faded altar of an unknown god.
   484 | D:2      | Reached XP level 3. HP: 7/24 MP: 3/3
  1147 | D:2      | Identified a scroll of acquirement
  1147 | D:2      | Acquired 1031 gold pieces
  1348 | D:2      | Found Opsudgh's Weapon Boutique.
  1359 | D:2      | Bought a +2 rapier of speed for 240 gold pieces
  1678 | D:3      | Noticed Grinder
  1685 | D:3      | Paralysed by Grinder for 2 turns
  1891 | D:3      | Paralysed by Grinder for 2 turns
  1899 | D:3      | Killed Grinder
  1900 | D:3      | Reached skill level 8 in Stealth
  1900 | D:3      | Reached XP level 4. HP: 29/30 MP: 4/4
  1900 | D:3      | Reached XP level 5. HP: 34/35 MP: 5/5
  1900 | D:3      | Reached XP level 6. HP: 39/41 MP: 6/6
  2129 | D:3      | Found Ves Xux's Armour Shoppe.
  2769 | D:4      | Found a stormy altar of Qazlal.
  2769 | D:4      | Found a radiant altar of Vehumet.
  2843 | D:4      | Found a glowing golden altar of the Shining One.
  3050 | D:4      | Found a staircase to the Ecumenical Temple.
  3067 | D:4      | Reached XP level 7. HP: 46/46 MP: 7/7
  3069 | Temple   | Entered the Ecumenical Temple
  3076 | Temple   | Became a worshipper of Dithmenos the Shadowed
  3229 | D:4      | Reached skill level 5 in Short Blades
  3286 | D:4      | Reached * piety under Dithmenos
  3658 | D:5      | Entered Level 5 of the Dungeon
  3809 | D:5      | Reached skill level 9 in Stealth
  3915 | D:5      | Reached XP level 8. HP: 53/53 MP: 8/8
  4158 | D:5      | Found an ornate altar of the Wu Jian Council.
  4440 | D:5      | Reached skill level 10 in Stealth
  4745 | D:6      | Noticed Sigmund
  4756 | D:6      | Killed Sigmund
  4792 | D:6      | Found a hide-covered altar of Uskayaw.
  4837 | D:6      | Found a basalt altar of Yredelemnul.
  4857 | D:6      | HP: 2/54 [steam dragon/ball of steam (15)]
  4859 | D:6      | Slain by a steam dragon

Illustrated notes

Levels and vault maps discovered:
D:1:      kb_arrival_jail, layout_rooms
D:2:      layout_basic, serial_shops, nicolae_shop_bloodbath_and_beyond,
          shapermc_ecumenical_altar_flowoftime, chequers_serial_rivers_micro_e
D:3:      layout_rooms, serial_shops, shop, uniq_grinder
D:4:      layout_rooms, nicolae_tso_besieged_by_evil,
          amethyst_overflow_temple_binary, minmay_temple_entry_glass,
          goddamned_bats
D:5:      layout_gridville, amcnicky_altar_gilded
D:6:      layout_rooms, mainiacjoe_overflow_paths,
          mainiacjoe_overflow_concentric_impassable,
          chequers_serial_rivers_micro_b, hangedman_decor_push, glass_columns_b,
          uniq_pikel, uniq_sigmund
Temple:   minmay_freezing_vapour_temple

Skill      XL: |  1  2  3  4  5  6  7  8 |
---------------+-------------------------+-----
Stealth        | 6 8 9 10 | 10.7
Short Blades   | 3 4 5 6 |  6.5
Dodging        | 2 3 |  3.5
Fighting       | 3 4 |  4.3
Throwing       | |  2.2

Action                   |  1- 3 |  4- 6 |  7- 9 || total
-------------------------+-------+-------+-------++-------
Melee: Dagger            |    56 |       |       ||    56
       Constrict         |    11 |    18 |    13 ||    42
       Tentacles         |    11 |    16 |    21 ||    48
       Punch             |     1 |     1 |     4 ||     6
       Rapier            |    14 |    53 |   108 ||   175
Throw: Dart              |     4 |       |       ||     4
  Use: Scroll            |     7 |     3 |     6 ||    16
       Potion            |     1 |       |     2 ||     3
 Stab: Sleeping          |    11 |     1 |    16 ||    28
       Invisible         |     1 |       |       ||     1
       Distracted        |       |     1 |     1 ||     2
Armor: Skin              |    10 |     3 |    10 ||    23
Dodge: Dodged            |    51 |    26 |    82 ||   159
